cohdb
Replays
Latest Replays
All Replays
Popular Replays
Top Player Replays
Match Explorer
How It Works
Community
CoH3 Stats
Reddit
Sign in to upload your games and track your stats! →
Sign in with Steam
Match 42189650
Unlisted
Match 42189650
Overview
Messages
Build Orders
End
Panzerpioneer Squad
250 Light Carrier
Panzergrenadier Squad
Construct Light Support Kompanie
Combat Half-tracks
Panzergrenadier Squad
Fire Support Elements
Flakvierling Half-track
Pak 38 Mechanized Group
2.5-tonne Medical Truck
Vehicle Survival Package
Selects Armored Support Battlegroup
Selects Salvage Kits
Selects Veteran Gunners
Construct Panzerarmee Kommand
Selects Flammpanzer III Medium Tank
MG34 Team
Panzer III L Medium Tank
Selects Flammpanzer III Medium Tank
Selects Flammpanzer III Medium Tank
Selects Panzer Storm
Emergency Repair Kits
Panzer III L Medium Tank
Panzerpioneer Squad
Walking Stuka Rocket Launcher
Selects Stuka Anti-tank Loiter
Walking Stuka Rocket Launcher
Panzergrenadier Squad
Stuka Anti-tank Loiter
Armored Reserves
Panzergrenadier Squad
Advanced Field Repairs
Rapid Advance
Selects Command Panzer IV F Medium Tank
Tiger Heavy Tank
Panzerpioneer Squad
Stuka Anti-tank Loiter
Tungsten Core Ammunition
Panzer IV Assault Group
Stuka Anti-tank Loiter
Walking Stuka Rocket Launcher
Panzer III L Medium Tank
Panzer III L Medium Tank
Panzerpioneer Squad
Dave
INTEL
mongman
tottcoys90
0
0
Comments
sign in to comment!
No comments posted yet!